 Dungeon Crawl Stone Soup version 0.18.1-6-gd335043 (webtiles) character file.

72 epen the Gusty (level 4, -1/24 HPs)
             Began as a Tengu Air Elementalist on May 16, 2016.
             Slain by Terence
             ... wielding a +1 trident of protection
              (8 damage)
             ... on level 2 of the Dungeon.
             The game lasted 00:03:46 (1240 turns).

epen the Gusty (Tengu Air Elementalist)             Turns: 1240, Time: 00:03:47

Health: -1/24      AC:  2    Str:  8    XL:     4   Next: 26%
Magic:  7/8        EV:  8    Int: 17    God:
Gold:   71         SH:  0    Dex: 14    Spells: 3 memorised, 2 levels left

rFire  . . .     SeeInvis .     j - +0 dagger
rCold  . . .     Gourm    .     a - +0 robe
rNeg   . . .     Faith    .     (no shield)
rPois  .         Spirit   .     (helmet restricted)
rElec  .         Dismiss  .     (no cloak)
rCorr  .         Reflect  .     (no gloves)
SustAt .         Harm     .     (boots unavailable)
MR     .....                    (no amulet)
Stlth  ++........               (no ring)
                                (no ring)

@: not resistant to hostile enchantments, unstealthy
A: beak, talons 3
a: no special abilities


You were on level 2 of the Dungeon.
You were hungry.

You visited 1 branch of the dungeon, and saw 2 of its levels.

You collected 71 gold pieces.

Inventory:

Hand Weapons
 j - a +0 dagger (weapon)
Armour
 a - a +0 robe (worn)
Scrolls
 d - a scroll of remove curse {unknown}
 e - a scroll of enchant weapon {unknown}
 h - 3 scrolls of recharging {unknown}
 i - 2 scrolls of identify {unknown}
 k - a scroll of magic mapping {unknown}
 r - a scroll of fog {unknown}
Potions
 l - 2 potions of berserk rage {unknown}
 n - 3 potions of curing {unknown}
 o - 2 potions of flight {unknown}
 p - a potion of cancellation {unknown}
Books
 b - a book of Air

   Spells                             Type                      Level
   a - Shock                          Conjuration/Air              1
   b - Swiftness                      Charms/Air                   2
   c - Repel Missiles                 Charms/Air                   2
   d - Static Discharge               Conjuration/Air              3
   e - Lightning Bolt                 Conjuration/Air              5
Comestibles
 c - 2 bread rations
 f - 2 beef jerkies
 g - a meat ration
 m - 4 fruits
 q - a royal jelly


   Skills:
 + Level 2.8 Dodging
 - Level 2.0 Stealth
 * Level 2.5 Spellcasting
 * Level 2.5 Conjurations
 * Level 5.2 Air Magic


You had 2 spell levels left.
You knew the following spells:

 Your Spells              Type           Power        Failure   Level  Hunger
a - Shock                 Conj/Air       ###.         3%          1    #......
b - Swiftness             Chrm/Air       ##......     12%         2    ##.....
c - Static Discharge      Conj/Air       ###.....     12%         3    ###....


Dungeon Overview and Level Annotations

Branches:
Dungeon (2/15)

Altars:

Annotations:
D:2 Natasha, Terence


Innate Abilities, Weirdness & Mutations

You have a beak for a mouth.
You have claws for feet.


Message History

The bat hits you but does no damage.
You hit the bat.
You kill the bat!
Natasha howls an incantation.
You feel troubled. Terence closely misses you.
Terence shouts, "DIE!!!"
Natasha stares at you and mumbles some strange words.
The magic dart hits you!
Natasha stares at you and mumbles some strange words.
The magic dart hits you!
The jackal bites you but does no damage.
Natasha mumbles some strange words.
The jackal closely misses you.
There is a stone staircase leading up here.
The jackal bites you.
* * * LOW HITPOINT WARNING * * *
Terence says, "Don't bother to defend, it's pointless."
Terence hits you from afar with a trident of protection!
You die...

..........############.#
..........# #.#
..........# #.#
..........# #.#
..........############.#
.....).......r.........#
.......>..5..h.....#####
#####.#.#####.......#
#####.#.#####.@h@...#
..............)....>#
####....#####..#.##.#
#..### #....##.#
#..#######.##.##.#
####..##......##....#
..........##..#######
.##.......##........# .
#.......##.######.#


You could see Terence, Natasha, a white imp, a quokka and a jackal.

Vanquished Creatures
  Jessica (D:2)
  3 oozes
  2 dart slugs (D:1)
  A giant gecko (D:1)
  2 giant cockroaches (D:1)
  4 goblins (D:1)
  4 hobgoblins
  4 bats
  2 giant newts (D:1)
  4 kobolds
  3 rats (D:1)
30 creatures vanquished.

Notes
Turn   | Place    | Note
--------------------------------------------------------------
     0 | D:1      | epen the Tengu Air Elementalist began the quest for the Orb.
     0 | D:1      | Reached XP level 1. HP: 10/10 MP: 4/4
   239 | D:1      | Reached XP level 2. HP: 15/15 MP: 0/6
   301 | D:1      | Learned a level 2 spell: Swiftness
   554 | D:1      | Reached XP level 3. HP: 19/19 MP: 1/7
   560 | D:1      | Learned a level 3 spell: Static Discharge
  1076 | D:2      | Noticed Jessica
  1079 | D:2      | Killed Jessica
  1079 | D:2      | Reached skill level 5 in Air Magic
  1079 | D:2      | Reached XP level 4. HP: 24/24 MP: 4/8
  1210 | D:2      | Noticed Terence
  1213 | D:2      | Noticed Natasha
  1240 | D:2      | Slain by Terence

Skill      XL: |  1  2  3 |
---------------+----------+-----
Conjurations   | 2 |  2.5
Air Magic      | 5 |  5.2
Dodging        | |  2.8
Stealth        | |  2.0
Spellcasting   | |  2.5

Action                   |  1- 3 |  4- 6 || total
-------------------------+-------+-------++-------
Melee: Unarmed           |    10 |       ||    10
       Peck              |     5 |       ||     5
       Kick              |     4 |       ||     4
       Dagger            |    18 |     1 ||    19
 Cast: Shock             |    49 |     5 ||    54
  Eat: Chunk             |     1 |       ||     1
Armor: Robe              |     7 |     4 ||    11
Dodge: Dodged            |    29 |     9 ||    38
